 Dungeon Crawl Stone Soup version 0.29-a0-1039-gfc20370e89 (webtiles) character file.

Game seed: 2728537070917888561

1014 BritishOli the Trooper (level 8, -2/63 HPs)
             Began as a Demonspawn Fighter on Aug 15, 2022.
             Slain by an ice beast (11 damage)
             ... on level 5 of the Dungeon.
             The game lasted 00:05:59 (5510 turns).

BritishOli the Trooper (Demonspawn Fighter)         Turns: 5510, Time: 00:05:59

Health: -2/63      AC: 14    Str: 23    XL:     8   Next: 1%
Magic:  8/8        EV:  6    Int: 10    God:
Gold:   194        SH:  6    Dex: 18    Spells: 7/7 levels left

rFire   . . .      SeeInvis .   a - +0 long sword
rCold   . . .      Faith    .   c - +0 buckler
rNeg    . . .      Spirit   .   l - +0 plate armour
rPois   +          Reflect  .   (no helmet)
rElec   .          Harm     .   (no cloak)
rCorr   .          Rampage  .   (gloves unavailable)
Will    .....                   (no boots)
Stlth   ..........              (no amulet)
HPRegen 0.20/turn               j - ring of Gahe {Str+4 Dex+6}
MPRegen 0.11/turn               q - ring of poison resistance

@: no status effects
A: claws 3, thin metallic scales 1, spiny 1
a: no special abilities


You were on level 5 of the Dungeon.
You visited 1 branch of the dungeon, and saw 6 of its levels.

You collected 236 gold pieces.
You spent 42 gold pieces at shops.

Inventory:

Hand Weapons
 a - a +0 long sword (weapon)
Armour
 c - a +0 buckler (worn)
 l - a +0 plate armour (worn)
Jewellery
 g - a ring of ice
 j - the ring of Gahe (left claw) {Str+4 Dex+6}
   (You found it on level 2 of the Dungeon)

   [ring of dexterity]

   Str:       It affects your strength (+4).
   Dex:       It affects your dexterity (+6).
 q - a ring of poison resistance (right claw)
Wands
 p - a wand of digging (6)
 s - a wand of roots (6)
Scrolls
 b - a scroll of enchant armour {unknown}
 h - 3 scrolls of teleportation
 i - 3 scrolls of summoning {unknown}
 k - 2 scrolls of torment {unknown}
 m - a scroll of blinking {unknown}
 o - a scroll of magic mapping
 t - a scroll of identify
Potions
 d - 2 potions of might
 e - 2 potions of curing
 f - 4 potions of attraction
 n - a potion of berserk rage
 r - a potion of ambrosia
 u - a potion of lignification {unknown}


   Skills:
 + Level 5.4 Fighting
 + Level 4.6 Long Blades
 + Level 5.0 Armour
 + Level 5.0 Shields


You had 7 spell levels left.
You didn't know any spells.
Your spell library contained the following spells:

 Spells                   Type           Power      Damage    Failure   Level
 Blink                    Tloc           0%         N/A       100%        2
 Lesser Beckoning         Tloc           0%         N/A       100%        3
 Summon Guardian Golem    Hex/Summ       0%         N/A       100%        3
 Manifold Assault         Tloc           0%         N/A       100%        5
 Orb of Destruction       Conj           0%         9d5       100%        7
 Spellforged Servitor     Conj/Summ      0%         N/A       100%        7


Dungeon Overview and Level Annotations

Branches:
Dungeon (6/15)
 Temple: D:4-7

Altars:
Gozag

Shops:
D:3 *   D:4 ?

Annotations:
D:5 1 transporter, M4edhros's ghost, amateur OpAr


Innate Abilities, Weirdness & Mutations

You have claws for hands.
You are partially covered in thin metallic scales. (AC +2)
You are partially covered in sharp spines.


Message History

You closely miss the hound.
The hound is severely wounded.
The hound bites you but does no damage. x2; The quokka barely misses you.
You hit the hound.
You kill the hound!
The quokka bites you but does no damage.
Your Armour skill increases to level 5!
Your Shields skill increases to level 5!
You have reached level 8!
You feel clever.
Your demonic ancestry asserts itself...
Sharp spines emerge from parts of your body.
You hit the quokka.
The quokka is moderately wounded.
The quokka barely misses you.
An ice beast comes into view.
You hit the quokka but do no damage.
The quokka is moderately wounded.
You block the quokka's attack.
The quokka bites you but does no damage.
You hit the quokka.
You kill the quokka!
You see here a quokka corpse.
You barely miss the ice beast. The ice beast is struck by your spines.
The ice beast hits you. The ice beast freezes you!
* * * LOW HITPOINT WARNING * * *
You hit the ice beast but do no damage.
The ice beast is lightly wounded.
The ice beast is struck by your spines.
The ice beast hits you but does no damage.
You slash the ice beast!
The ice beast is heavily wounded.
The ice beast is struck by your spines.
The ice beast hits you but does no damage.
The ice beast barely misses you.
You hit the ice beast.
The ice beast is almost dead.
The ice beast hits you.
* * * LOW HITPOINT WARNING * * *
The ice beast freezes you!
You die...

#..............
#..............
#.............
#.........<#
#..........#
#..........#
#....Y.....#
#....@....#
#....†....#
#.........#
##........#
#........#
#........#
#........#
##.......#
#.......#


You could see an ice beast.

Vanquished Creatures
  Sigmund (D:4)
  An ice beast (D:5)
  2 scorpions
  4 orc priests
  6 hounds
  A jelly (D:5)
  Ijyb (D:4)
  Terence (D:3)
  2 iguanas (D:5)
  Robin (D:3)
  5 gnolls (D:5)
  3 adders
  2 worms (D:2)
  5 dart slugs
  18 orcs
  9 endoplasms
  2 giant cockroaches
  9 goblins
  8 hobgoblins
  15 jackals
  4 quokkas
  4 ball pythons
  4 bats
  3 frilled lizards
  7 kobolds
  9 rats
127 creatures vanquished.

Vanquished Creatures (others)
  A fungus (D:5)
  2 plants (D:5)
3 creatures vanquished.

Grand Total: 130 creatures vanquished

Notes
Turn   | Place    | Note
-------+----------+-------------------------------------------
     0 | D:1      | BritishOli the Demonspawn Fighter began the quest for the
                  | Orb.
     0 | D:1      | Reached XP level 1. HP: 18/18 MP: 1/1
   226 | D:1      | Gained mutation: You are partially covered in thin metallic
                  | scales. (AC +2) [demonic ancestry]
   226 | D:1      | Reached XP level 2. HP: 17/24 MP: 2/2
  1075 | D:1      | Gained mutation: You have sharp fingernails. [demonic
                  | ancestry]
  1075 | D:1      | Reached XP level 3. HP: 21/29 MP: 3/3
  1658 | D:2      | Identified the ring of Gahe {Str+4 Dex+6}
  2269 | D:3      | Found a faded altar of an unknown god.
  2398 | D:3      | Noticed Robin
  2409 | D:3      | Killed Robin
  2410 | D:3      | Gained mutation: You have very sharp fingernails. [demonic
                  | ancestry]
  2410 | D:3      | Reached XP level 4. HP: 28/35 MP: 4/4
  2545 | D:3      | Found Jurac's Assorted Antiques.
  2685 | D:3      | Noticed Terence
  2695 | D:3      | Killed Terence
  3053 | D:3      | Reached XP level 5. HP: 18/42 MP: 5/5
  3501 | D:4      | HP: 2/42 [orc priest/+0 hand axe (3)]
  3854 | D:4      | Found an opulent altar of Gozag.
  3933 | D:4      | Reached XP level 6. HP: 48/48 MP: 6/6
  4074 | D:4      | Found Yluellad's Magic Scroll Boutique.
  4080 | D:4      | Bought a scroll of teleportation for 42 gold pieces
  4103 | D:4      | Noticed Sigmund
  4120 | D:4      | Killed Sigmund
  4582 | D:4      | Noticed Ijyb
  4590 | D:4      | Killed Ijyb
  4698 | D:5      | Entered Level 5 of the Dungeon
  4715 | D:5      | Gained mutation: You have claws for hands. [demonic
                  | ancestry]
  4715 | D:5      | Reached XP level 7. HP: 35/55 MP: 7/7
  4975 | D:5      | Found a transporter.
  4979 | D:5      | Noticed M4edhros's ghost (amateur OpAr)
  5182 | D:6      | Reached skill level 5 in Fighting
  5502 | D:5      | Reached skill level 5 in Armour
  5502 | D:5      | Reached skill level 5 in Shields
  5502 | D:5      | Gained mutation: You are partially covered in sharp spines.
                  | [demonic ancestry]
  5502 | D:5      | Reached XP level 8. HP: 25/63 MP: 8/8
  5510 | D:5      | Slain by an ice beast

Illustrated notes

Levels and vault maps discovered:
D:1:      enne_arrival_octagon_isle, layout_basic
D:2:      layout_loops_corners
D:3:      layout_basic, serial_shops, nicolae_square_shop,
          hellmonk_ecumenical_altar_slurped_away, minmay_statues_item,
          uniq_robin, uniq_terence
D:4:      layout_gridville, nicolae_gozag_seed_capital, serial_shops, shop,
          uniq_ijyb, uniq_sigmund
D:5:      lemuel_castle_with_subvaults [lemuel_castle_interior_carwin_2],
          layout_layer_cave, gammafunk_ghost_stat_death, eino_curves_04,
          kennysheep_generic_room_13
D:6:      layout_basic, temple_hall, gammafunk_ghost_abyssal_escape

Skill      XL: |  1  2  3  4  5  6  7 |
---------------+----------------------+-----
Long Blades    | 2 3 4 |  4.6
Shields        | 3 4 5 |  5.0
Armour         | 3 4 5 |  5.0
Fighting       | 4 5 |  5.4

Action                   |  1- 3 |  4- 6 |  7- 9 || total
-------------------------+-------+-------+-------++-------
Melee: Long sword        |   156 |   194 |   129 ||   479
  Use: Scroll            |       |     4 |       ||     4
       Potion            |       |     3 |       ||     3
Armor: Scale mail        |    66 |       |       ||    66
       Plate armour      |    18 |   157 |   115 ||   290
Dodge: Dodged            |    63 |    88 |    69 ||   220
Block: Buckler           |    34 |    66 |    68 ||   168

Table legend: (Time is in decaauts)
 A = Elapsed time spent in this place.
 B = Non-inter-level travel time spent in this place.
 C = Inter-level travel time spent in this place.
 D = Time resting spent in this place.
 E = Time spent auto-exploring this place.
 F = Levels seen in this place.
 G = Mean time per level.
                   A        B        C        D        E       F      G
               +--------+--------+--------+--------+--------+-----+--------+
         Total |   5629 |   5458 |    171 |    370 |   4075 |   6 |  938.2 |
       Dungeon |   5629 |   5458 |    171 |    370 |   4075 |   6 |  938.2 |
               +--------+--------+--------+--------+--------+-----+--------+

Top non-repeatable levels by time:
     D:1: 1380 daAuts
     D:4: 1268 daAuts
     D:2: 1144 daAuts
     D:3: 986 daAuts
     D:5: 698 daAuts
     D:6: 150 daAuts
